 Dungeon Crawl Stone Soup version 0.20.1-1-g8b1a95d (webtiles) character file.

102 QuCean the Covered (level 4, -1/40 HPs)
             Began as a Minotaur Fighter on Oct 18, 2017.
             Slain by Rozenbaumfricks's ghost (11 damage)
             ... on level 4 of the Dungeon.
             The game lasted 00:06:49 (2737 turns).

QuCean the Covered (Minotaur Fighter)               Turns: 2737, Time: 00:06:50

Health: -1/40      AC:  7    Str: 21    XL:     4   Next: 49%
Magic:  3/3        EV:  7    Int:  5    God:
Gold:   156        SH:  9    Dex: 10    Spells: 3/3 levels left

rFire    . . .     SeeInvis .   a - +0 war axe
rCold    . . .     Gourm    .   c - +0 shield
rNeg     . . .     Faith    .   b - +0 scale mail
rPois    .         Spirit   .   (helmet restricted)
rElec    .         Reflect  .   (no cloak)
rCorr    .         Harm     .   (no gloves)
MR       .....                  (no boots)
Stlth    ..........             (no amulet)
Regen    0.2/turn               (no ring)
MPRegen  0.1/turn               (no ring)

@: no status effects
A: retaliatory headbutt, horns 2
a: no special abilities


You were on level 4 of the Dungeon.
You were not hungry.

You visited 1 branch of the dungeon, and saw 4 of its levels.

You collected 156 gold pieces.

Inventory:

Hand Weapons
 a - a +0 war axe (weapon)
Armour
 b - a +0 scale mail (worn)
 c - a +0 shield (worn)
Jewellery
 o - an uncursed ring of see invisible {unknown}
Scrolls
 e - 6 scrolls of identify {unknown}
 j - a scroll of enchant weapon {unknown}
 k - a scroll of remove curse {unknown}
 l - 2 scrolls of recharging {unknown}
 p - 4 scrolls of teleportation {unknown}
 r - 2 scrolls of noise {unknown}
 s - a scroll of magic mapping {unknown}
 v - a scroll of amnesia {unknown}
 x - a scroll of random uselessness {unknown}
 y - a scroll of fog {unknown}
Potions
 d - a potion of might
 g - a potion of degeneration {unknown}
 h - a potion of cancellation {unknown}
 m - a potion of berserk rage {unknown}
 n - a potion of resistance {unknown}
 q - a potion of flight {unknown}
 w - a potion of curing {unknown}
 z - 2 potions of mutation {unknown}
Comestibles
 f - a bread ration
 i - 2 meat rations
 t - a royal jelly
 u - a chunk of flesh
 A - a fruit


   Skills:
 + Level 4.3 Fighting
 + Level 3.5 Axes
 + Level 4.9 Armour
 + Level 0.2 Dodging
 + Level 0.1 Stealth
 + Level 4.0 Shields


You had 3 spell levels left.
You didn't know any spells.

Dungeon Overview and Level Annotations

Branches:
Dungeon (4/15)
 Temple: D:4-7

Altars:
Dithmenos

Annotations:
D:4 Rozenbaumfricks's ghost, amateur DsFi


Innate Abilities, Weirdness & Mutations

You reflexively headbutt those who attack you in melee.
You have a pair of horns on your head.


Message History

You block Rozenbaumfricks's ghost's attack.
You barely miss Rozenbaumfricks's ghost.
You headbutt Rozenbaumfricks's ghost, but do no damage.
Rozenbaumfricks's ghost is heavily damaged.
Rozenbaumfricks's ghost hits you but does no damage.
Rozenbaumfricks's ghost hits you.
You barely miss Rozenbaumfricks's ghost.
Rozenbaumfricks's ghost is heavily damaged.
Rozenbaumfricks's ghost hits you.
* * * LOW HITPOINT WARNING * * *
Your shield and scale mail prevent you from hitting Rozenbaumfricks's ghost.
Rozenbaumfricks's ghost is heavily damaged.
You block Rozenbaumfricks's ghost's attack.
You barely miss Rozenbaumfricks's ghost.
You headbutt Rozenbaumfricks's ghost.
Rozenbaumfricks's ghost is heavily damaged.
You block Rozenbaumfricks's ghost's attack.
Rozenbaumfricks's ghost whispers, "Death doesn't hurt.
What you feel is life." Rozenbaumfricks's ghost hits you!
You die...

.. #(# #...
#....
#....########..
..............#
.......)####
.........).##
..##.#..@#[.#
.......W##.###
..#.####.##...#
... #..###.####
## .### #<...#
. ####...# #
#... ..


You could see Rozenbaumfricks's ghost.

Vanquished Creatures
  An orc priest (D:4)
  2 adders
  An ooze (D:1)
  2 worms (D:2)
  3 orcs (D:4)
  2 bats (D:3)
  4 giant cockroaches
  2 goblins
  8 hobgoblins
  2 jackals (D:1)
  A quokka (D:3)
  A frilled lizard (D:2)
  5 kobolds
  6 rats
40 creatures vanquished.

Notes
Turn   | Place    | Note
-------+----------+-------------------------------------------
     0 | D:1      | QuCean the Minotaur Fighter began the quest for the Orb.
     0 | D:1      | Reached XP level 1. HP: 19/19 MP: 0/0
   325 | D:1      | Reached XP level 2. HP: 16/27 MP: 1/1
  1205 | D:2      | Reached XP level 3. HP: 28/33 MP: 2/2
  2261 | D:3      | Found a shadowy altar of Dithmenos.
  2707 | D:4      | Reached XP level 4. HP: 32/40 MP: 3/3
  2725 | D:4      | Noticed Rozenbaumfricks's ghost (amateur DsFi)
  2737 | D:4      | Slain by Rozenbaumfricks's ghost

Skill      XL: |  1  2  3  4 |
---------------+-------------+-----
Armour         | 4 |  4.9
Fighting       | 4 |  4.3
Axes           | 3 |  3.5
Shields        | 4 |  4.0
Dodging        | |  0.2
Stealth        | |  0.1

Action                   |  1- 3 |  4- 6 || total
-------------------------+-------+-------++-------
Melee: War axe           |    94 |    19 ||   113
       Headbutt          |     7 |     4 ||    11
  Eat: Bread ration      |     1 |       ||     1
       Chunk             |     1 |       ||     1
Armor: Scale mail        |    53 |     4 ||    57
Dodge: Dodged            |    29 |     3 ||    32
Block: Shield            |    52 |    14 ||    66
